 Dungeon Crawl Stone Soup version 0.28-a0-479-g5baa6b73be (webtiles) character file.

Game seed: 3396188164257204015

435 siradein the Ducker (level 7, -4/42 HPs)
             Began as a Tengu Gladiator on Sept 17, 2021.
             Slain by a lemure (6 damage)
             ... led by Pikel
             ... on level 5 of the Dungeon.
             The game lasted 00:15:18 (4817 turns).

siradein the Ducker (Tengu Gladiator)               Turns: 4817, Time: 00:15:19

Health: -4/42      AC:  7    Str: 14    XL:     7   Next: 0%
Magic:  8/8        EV: 15    Int:  8    God:
Gold:   168        SH:  0    Dex: 18    Spells: 6/6 levels left

rFire   . . .      SeeInvis .   a - +1 trident (freeze)
rCold   + . .      Faith    .   (no shield)
rNeg    . . .      Spirit   .   u - +2 ring mail {rC+}
rPois   .          Reflect  .   (helmet restricted)
rElec   .          Harm     .   (no cloak)
rCorr   .          Rampage  .   (no gloves)
Will    .....                   (boots unavailable)
Stlth   +.........              (no amulet)
HPRegen 0.14/turn               (no ring)
MPRegen 0.11/turn               (no ring)

@: about to teleport, weak-willed, flying quickly and evasively, quick
A: beak, talons 3, nimble flight
a: no special abilities


You were on level 5 of the Dungeon.
You visited 1 branch of the dungeon, and saw 5 of its levels.

You collected 168 gold pieces.

Inventory:

Hand Weapons
 a - a +1 trident of freezing (weapon)
Missiles
 c - 182 stones (quivered)
 d - 3 throwing nets
 i - 6 curare-tipped darts
 o - 13 poisoned darts
Armour
 m - a +2 scale mail of poison resistance
 u - a +2 ring mail of cold resistance (worn)
Wands
 t - a wand of paralysis (19)
Scrolls
 n - a scroll of teleportation
 s - a scroll of silence {unknown}
 v - a scroll of identify {unknown}
Potions
 e - 3 potions of heal wounds {unknown}
 f - a potion of degeneration {unknown}
 h - a potion of haste {unknown}
 j - a potion of invisibility {unknown}
 k - 3 potions of curing {unknown}
 p - a potion of mutation {unknown}
 w - a potion of might {unknown}


   Skills:
 + Level 3.7 Fighting
 + Level 4.8 Polearms
 + Level 3.6 Throwing
 + Level 2.4 Armour
 + Level 4.8 Dodging


You had 6 spell levels left.
You didn't know any spells.
Your spell library contained the following spells:

 Spells                   Type           Power      Damage    Failure   Level
 Dazzling Flash           Conj/Hex       0%         N/A       95%         3
 Agony                    Necr           0%         N/A       100%        5
 Silence                  Hex/Air        0%         N/A       100%        5


Dungeon Overview and Level Annotations

Branches:
Dungeon (5/15)
 Temple: D:4-7

Altars:
Hepliaklqana
Qazlal
Yredelemnul

Annotations:
D:5 Pikel


Innate Abilities, Weirdness & Mutations

You have a beak for a mouth.
You have claws for feet.
Your magical nature lets you fly swiftly and evasively.


Message History

As you read the scroll labelled YLOOLA ESCHE, it crumbles to dust.
You hear a loud clanging noise!
It was a scroll of noise.
You hear a shout! x2; You hear an angry hiss.
The lemure closely misses you. x2; The lemure misses you.
Pikel closely misses you.
As you read the scroll labelled PERAMAR RETI, it crumbles to dust.
It is a scroll of amnesia.
You feel forgetful for a moment. The lemure hits you but does no damage.
The lemure hits you! The lemure hits you.
Pikel hits you with a +2 whip of flaming!
Pikel burns you.
* * * LOW HITPOINT WARNING * * *
As you read the scroll labelled HEWULI VAATI, it crumbles to dust.
It is a scroll of brand weapon.
Your +0 trident is covered with a thin layer of ice!
a - a +0 trident of freezing (weapon)
The lemure barely misses you. The lemure hits you.
* * * LOW HITPOINT WARNING * * *
The lemure barely misses you. Pikel completely misses you.
As you read the scroll labelled NUSOCV JANI, it crumbles to dust.
You feel strangely unstable.
It was a scroll of teleportation.
The lemure closely misses you. x2; The lemure hits you.
* * * LOW HITPOINT WARNING * * *
Pikel hits you with a +2 whip of flaming.
* * * LOW HITPOINT WARNING * * *
Pikel burns you.
* * * LOW HITPOINT WARNING * * *
As you read the scroll labelled JIUPLE NIFYCIN, it crumbles to dust.
Magic quickly surges around you.
It was a scroll of vulnerability.
The lemure hits you.
* * * LOW HITPOINT WARNING * * *
The lemure barely misses you.
A water moccasin comes into view.
The lemure misses you. Pikel completely misses you.
As you read the scroll labelled RENEPA SUCISE, it crumbles to dust.
It is a scroll of enchant weapon.
Your +0 trident of freezing glows red for a moment.
The lemure hits you but does no damage. The lemure hits you.
You die...

... #.# .#.
#S# . ..
#.# ..
....####...
.#........
#.###
.5Z......
..... #
#K5...... #
#..##.#@# #
......55#
......
##.######
###.## # #
# #


You could see Pikel (weak-willed), a water moccasin, 4 lemures and a water
moccasin zombie (weak-willed).

Vanquished Creatures
  A phantom (D:4)
  2 centaur skeletons
  A hound (D:4)
  An iguana (D:4)
  2 hound zombies (D:4)
  4 gnolls (D:4)
  8 adders
  2 ufetubi
  A dart slug (D:2)
  4 orcs
  10 endoplasms
  A giant cockroach (D:2)
  16 goblins
  11 hobgoblins
  7 kobolds
  4 quokkas
  6 ball pythons
  5 bats
  8 frilled lizards
  9 rats
103 creatures vanquished.

Notes
Turn   | Place    | Note
-------+----------+-------------------------------------------
     0 | D:1      | siradein the Tengu Gladiator began the quest for the Orb.
     0 | D:1      | Reached XP level 1. HP: 12/12 MP: 2/2
   104 | D:1      | Reached XP level 2. HP: 17/17 MP: 3/3
   629 | D:1      | Reached XP level 3. HP: 20/22 MP: 4/4
  1448 | D:2      | Reached XP level 4. HP: 23/27 MP: 5/5
  1818 | D:3      | Noticed an earth elemental
  1820 | D:3      | Found a stormy altar of Qazlal.
  1822 | D:3      | Noticed a fire elemental
  1822 | D:3      | Noticed an air elemental
  1822 | D:3      | Noticed a water elemental
  2605 | D:3      | Gained mutation: Your magical nature lets you fly swiftly
                  | and evasively. [Tengu growth]
  2605 | D:3      | Reached XP level 5. HP: 32/32 MP: 6/6
  2607 | D:3      | Reached skill level 1 in Armour
  3299 | D:4      | Found a hazy altar of Hepliaklqana.
  3299 | D:4      | Noticed a phantom
  3640 | D:4      | Paralysed by a goblin for 4 turns
  3952 | D:4      | Reached XP level 6. HP: 37/37 MP: 7/7
  4253 | D:4      | Found a basalt altar of Yredelemnul.
  4465 | D:5      | Entered Level 5 of the Dungeon
  4608 | D:5      | Noticed Pikel
  4688 | D:4      | Reached XP level 7. HP: 26/42 MP: 8/8
  4816 | D:5      | HP: 1/42 [lemure[Pikel] (2)]
  4817 | D:5      | Slain by a lemure

Illustrated notes

Levels and vault maps discovered:
D:1:      dpeg_arrival_simpleton_c, layout_basic
D:2:      layout_basic
D:3:      minmay_thinvault, layout_basic, nicolae_qazlal_style_of_elements,
          kennysheep_generic_room_16
D:4:      layout_basic, lemuel_tele_altar, lemuel_zombie_altar_yredelemnul
D:5:      layout_loops_cross, minmay_temple_entry_fiery, uniq_pikel,
          uniq_sigmund

Skill      XL: |  1  2  3  4  5  6 |
---------------+-------------------+-----
Polearms       | 4 |  4.8
Dodging        | 4 |  4.8
Fighting       | 3 |  3.7
Armour         | 1 2 |  2.4
Throwing       | 3 |  3.6

Action                   |  1- 3 |  4- 6 |  7- 9 || total
-------------------------+-------+-------+-------++-------
Melee: Trident           |    94 |   196 |       ||   290
       Peck              |    13 |    30 |       ||    43
       Kick              |    16 |    54 |       ||    70
  Use: Scroll            |       |       |     6 ||     6
 Stab: Sleeping          |     3 |       |       ||     3
Armor: Leather armour    |    10 |       |       ||    10
       Scale mail        |       |    65 |       ||    65
       Ring mail         |       |     9 |     3 ||    12
Dodge: Dodged            |    31 |   147 |    19 ||   197

Table legend: (Time is in decaauts)
 A = Elapsed time spent in this place.
 B = Non-inter-level travel time spent in this place.
 C = Inter-level travel time spent in this place.
 D = Time resting spent in this place.
 E = Time spent auto-exploring this place.
 F = Levels seen in this place.
 G = Mean time per level.
                   A        B        C        D        E       F      G
               +--------+--------+--------+--------+--------+-----+--------+
         Total |   4761 |   4634 |    127 |    548 |   3244 |   5 |  952.2 |
       Dungeon |   4761 |   4634 |    127 |    548 |   3244 |   5 |  952.2 |
               +--------+--------+--------+--------+--------+-----+--------+

Top non-repeatable levels by time:
     D:3: 1492 daAuts
     D:4: 1370 daAuts
     D:1: 1030 daAuts
     D:2: 814 daAuts
     D:5: 53 daAuts
